 Dungeon Crawl Stone Soup version 0.31-a0-700-gf13585253f (webtiles) character file.

Game seed: 10294194500694836143

376 qw the Shooter (level 6, -6/37 HPs)
             Began as a Gargoyle Hunter on Sept 7, 2023.
             Was an Initiate of Okawaru.
             Mangled by an iguana (10 damage)
             ... on level 4 of the Dungeon.
             The game lasted 00:00:56 (1953 turns).

qw the Shooter (Gargoyle Hunter)                    Turns: 1953, Time: 00:00:56

Health: -6/37      AC:  9    Str: 14    XL:     6   Next: 73%
Magic:  6/6        EV: 13    Int: 10    God:    Okawaru [......]
Gold:   211        SH:  0    Dex: 18    Spells: 5/5 levels left

rFire   . . .        Y - +0 shortbow
rCold   . . .        (shield currently unavailable)
rNeg    + . .        h - +1 robe of Philately {Regen+ Dex+3}
rPois   inf          (no helmet)
rElec   +            (no cloak)
rCorr   .            (no gloves)
SInv    .            b - +1 pair of boots
Will    .....        (no amulet)
Stlth   ++           e - +4 ring of slaying {mikee}
HPRegen 1.06/turn    (no ring)
MPRegen 0.10/turn

%: no passive effects
@: no status effects
A: sickness immunity, AC +4, negative energy resistance 1, electricity
resistance, torment resistance 1, petrification resistance
a: Renounce Religion


You were on level 4 of the Dungeon.
You worshipped Okawaru.
Okawaru was noncommittal.
You visited 1 branch of the dungeon, and saw 4 of its levels.

You collected 211 gold pieces.


Innate Abilities, Weirdness & Mutations

You are immune to sickness and miasma.
Your stone body is resilient. (AC +4)
You are immune to poison.
You resist negative energy. (rN+)
You are resistant to electric shocks. (rElec)
You are resistant to unholy torment.
You are immune to petrification.


   Skills:
 + Level 3.4 Fighting
 - Level 7.0 Ranged Weapons
 - Level 2.5 Dodging
 - Level 1.1 Stealth


You had 5 spell levels left.
You didn't know any spells.
Your spell library was empty.

Inventory:

Hand Weapons
 Y - a +0 shortbow (weapon)
Armour
 b - a +1 pair of boots (worn)
 h - the +1 robe of Philately (worn) {Regen+ Dex+3}
   (You found it on level 2 of the Dungeon)

   Dex+3:     It affects your dexterity (+3).
   Regen+:    It increases your rate of health regeneration.
Jewellery
 e - a +4 ring of slaying (left hand) {mikee}
Scrolls
 a - a scroll of identify
Potions
 c - a potion of resistance
 d - a potion of haste
 f - a potion of curing {unknown}
 i - a potion of ambrosia {unknown}
 k - a potion of might {unknown}

Dungeon Overview and Level Annotations

Branches:
Dungeon (4/15)             Temple (0/1) D:4

Altars:
Kikubaaqudgha
Okawaru


Message History

Okawaru accepts your kill.
You shoot an arrow. The arrow hits the orc.
The orc is moderately wounded.
You hear an angry hiss.
The orc barely misses you.
You shoot an arrow. The arrow hits the orc!
You kill the orc!
Okawaru accepts your kill.
An iguana comes into view.
You shoot an arrow. The arrow hits the hobgoblin!
You kill the hobgoblin!
Okawaru accepts your kill.
You shoot an arrow. The arrow closely misses the iguana.
The arrow hits the dart slug.
The dart slug is heavily wounded.
The iguana bites you.
You shoot an arrow.
The arrow hits the iguana but does no damage.
The iguana barely misses you.
You shoot an arrow. The arrow hits the iguana!
The iguana is heavily wounded.
The iguana bites you. The iguana barely misses you.
You shoot an arrow.
The arrow hits the iguana but does no damage.
The iguana is heavily wounded.
The iguana misses you.
You shoot an arrow.
The arrow hits the iguana but does no damage.
The iguana is heavily wounded.
The iguana closely misses you.
You shoot an arrow. The arrow barely misses the iguana.
The iguana bites you.
You shoot an arrow. The arrow barely misses the iguana.
The iguana bites you!
You shoot an arrow. The arrow hits the iguana.
The iguana is heavily wounded.
The iguana bites you!
You shoot an arrow. The arrow barely misses the iguana.
The iguana bites you!
You die...

........#..######.....
.#.#........###....###
.............#........
#.#............####.
#...........##..#
####........##.##
#........##..#
#.#########..# #..
#.@# #( #..lw.8_#
#.##....# #.# .....#
#.. ..##. #. ### #. ..


You could see an iguana and a dart slug.

Vanquished Creatures
  Eustachio (D:3)
  A black bear (D:3)
  A gnoll (D:4)
  7 adders
  A worm (D:2)
  A dart slug (D:3)
  3 orcs
  5 endoplasms
  4 giant cockroaches
  7 goblins
  8 hobgoblins
  7 jackals
  A quokka (D:3)
  4 ball pythons
  5 bats
  5 frilled lizards
  4 kobolds
  3 rats
68 creatures vanquished.

Notes
Turn   | Place    | Note
-------+----------+-------------------------------------------
     0 | D:1      | qw the Gargoyle Hunter began the quest for the Orb.
     0 | D:1      | Reached XP level 1. HP: 12/12 MP: 1/1
     0 | D:1      | 0 ||| qw: Version: 0.3-a-76-g4403597
     0 | D:1      | 0 ||| qw: Game counter: 582
     0 | D:1      | 0 ||| qw: Melee chars always use a shield: true
     0 | D:1      | 0 ||| qw: God list: Okawaru
     0 | D:1      | 0 ||| qw: Allow faded altars: false
     0 | D:1      | 0 ||| qw: Do Orc after clearing Dungeon:15 true
     0 | D:1      | 0 ||| qw: Do second Lair branch before Depths: true
     0 | D:1      | 0 ||| qw: Lair rune preference: random
     0 | D:1      | 0 ||| qw: Goals: Normal
     0 | D:1      | 0 ||| PLANNING D:1-11
    39 | D:1      | Noticed a golden eye
    48 | D:1      | Reached XP level 2. HP: 17/17 MP: 2/2
    48 | D:1      | Found a faded altar of an unknown god.
    51 | D:1      | Noticed an eye of devastation
    51 | D:1      | Noticed a golden eye
    51 | D:1      | Noticed a great orb of eyes
   532 | D:1      | 532 ||| READING scroll labelled TOVOSE WESAQ.
   533 | D:1      | 533 ||| READING scroll labelled FEOJAUPIRPH.
   534 | D:1      | 534 ||| DRINKING 2 cyan potions.
   535 | D:1      | 535 ||| DROPPING scroll of butterflies.
   536 | D:1      | 536 ||| DROPPING potion of degeneration.
   650 | D:2      | Reached XP level 3. HP: 21/21 MP: 3/3
   721 | D:2      | Reached skill level 5 in Ranged Weapons
   850 | D:2      | Identified the +3 ring mail "Lioloso" {Will+ Int+7 Dex-5
                  | SInv}
   902 | D:2      | Identified the +1 robe of Philately {Regen+ Dex+3}
  1117 | D:2      | Reached skill level 3 in Fighting
  1117 | D:2      | Reached XP level 4. HP: 28/28 MP: 4/4
  1231 | D:2      | 1231 ||| UPGRADING to +0 ring mail.
  1241 | D:2      | 1241 ||| DROPPING +0 leather armour.
  1242 | D:2      | 1242 ||| UPGRADING to +3 ring mail "Lioloso" {Will+ Int+7
                  | Dex-5 SInv}.
  1252 | D:2      | 1252 ||| DROPPING +0 ring mail.
  1253 | D:2      | 1253 ||| UPGRADING to +1 robe of Philately {Regen+ Dex+3}.
  1263 | D:2      | 1263 ||| DROPPING +3 ring mail "Lioloso" {Will+ Int+7 Dex-5
                  | SInv}.
  1264 | D:2      | 1264 ||| UPGRADING to +4 ring of slaying {mikee}.
  1265 | D:2      | 1265 ||| READING scroll labelled ZOWUIHAOLUT.
  1266 | D:2      | 1266 ||| READING scroll labelled YHENNE MANIR.
  1271 | D:2      | 1271 ||| READING scroll labelled EWKEBB ANWAYT.
  1272 | D:2      | 1272 ||| DRINKING 2 inky potions.
  1739 | D:3      | Found an iron altar of Okawaru.
  1740 | D:3      | 1740 ||| PLANNING OKAWARU WORSHIP
  1740 | D:3      | 1740 ||| DROPPING amulet of magic regeneration.
  1741 | D:3      | 1741 ||| READING 3 scrolls labelled NIEFYZ WOCUI.
  1742 | D:3      | 1742 ||| READING scroll labelled XEN CERIUGIM.
  1743 | D:3      | 1743 ||| DRINKING 2 clear potions.
  1744 | D:3      | 1744 ||| READING 2 scrolls of identify.
  1744 | D:3      | 1744 ||| IDENTIFYING yellow potion
  1745 | D:3      | 1745 ||| DROPPING potion of invisibility.
  1752 | D:3      | Became a worshipper of Warmaster Okawaru
  1753 | D:3      | 1753 ||| PLANNING D:1-11
  1756 | D:3      | 1756 ||| UPGRADING to +0 pair of boots.
  1788 | D:4      | Noticed Eustachio
  1788 | D:4      | Found a staircase to the Ecumenical Temple.
  1789 | D:4      | 1789 ||| STAIRDANCE
  1789 | D:4      | Noticed a black bear
  1794 | D:3      | 1794 ||| RETREATING.
  1798 | D:3      | 1798 ||| Stepping ~*~*~tactically~*~*~ (retreating).
  1799 | D:3      | 1799 ||| Stepping ~*~*~tactically~*~*~ (retreating).
  1800 | D:3      | 1800 ||| Stepping ~*~*~tactically~*~*~ (retreating).
  1801 | D:3      | 1801 ||| Stepping ~*~*~tactically~*~*~ (retreating).
  1802 | D:3      | 1802 ||| Stepping ~*~*~tactically~*~*~ (retreating).
  1817 | D:3      | Killed Eustachio
  1818 | D:3      | Reached skill level 7 in Ranged Weapons
  1818 | D:3      | Reached XP level 5. HP: 17/32 MP: 5/5
  1818 | D:3      | Reached XP level 6. HP: 20/37 MP: 6/6
  1844 | D:4      | 1844 ||| STAIRDANCE
  1854 | D:3      | HP: 8/37 [black bear (8)]
  1855 | D:3      | Killed a black bear
  1909 | D:4      | 1909 ||| READING scroll of enchant armour.
  1909 | D:4      | 1909 ||| ENCHANTING +0 pair of boots.
  1933 | D:4      | Found an ancient bone altar of Kikubaaqudgha.
  1952 | D:4      | HP: 3/37 [iguana (10)]
  1953 | D:4      | Mangled by an iguana

Levels and vault maps discovered:
D:1:      lightli_arrival_windingriver, layout_rooms,
          hellmonk_ecumenical_altar_watching_god
D:2:      layout_loops_cross, minmay_tromino_v2
D:3:      layout_rooms, mainiacjoe_overflow_alcove_2, minmay_bisected
D:4:      layout_rooms, minmay_temple_entry_sparse_star, minmay_ruined_shrine,
          uniq_eustachio

Skill      XL: |  1  2  3  4  5  6 |
---------------+-------------------+-----
Ranged Weapons | 5 7 |  7.0
Fighting       | 3 |  3.4
Dodging        | 2 |  2.5
Stealth        | |  1.1

Action                     |  1- 3 |  4- 6 || total
---------------------------+-------+-------++-------
   Fire: Shortbow          |   109 |   100 ||   209
    Use: Scroll            |     2 |     7 ||     9
         Potion            |     1 |     2 ||     3
 Armour: Leather armour    |    22 |       ||    22
         Robe              |       |    82 ||    82
  Dodge: Dodged            |    18 |    70 ||    88

Table legend:
 A = Non-vault XP
 B = Vault XP
 C = Vault XP percentage of total XP
 D = Non-vault monster count
 E = Vault monster count
 F = Vault count percentage of total count
                 A         B        C        D         E       F
            +---------+---------+-------+---------+---------+-------
      Total |     291 |     247 |  45.9 |      59 |       9 |  13.2
            +---------+---------+-------+---------+---------+-------
        D:1 |      28 |       0 |   0.0 |      16 |       0 |   0.0
        D:2 |      68 |       2 |   2.9 |      27 |       1 |   3.6
        D:3 |     180 |     213 |  54.2 |      14 |       4 |  22.2
        D:4 |      15 |      32 |  68.1 |       2 |       4 |  66.7
            +---------+---------+-------+---------+---------+-------
